 Dungeon Crawl Stone Soup version 0.31-a0-986-g5e6e4ef867 (webtiles) character file.

Game seed: 15967269439058994100

45 strifetoe the Magician (level 3, 0/25 HPs)
             Began as a Djinni Earth Elementalist on Nov 10, 2023.
             Slain by a quokka (2 damage)
             ... on level 2 of the Dungeon.
             The game lasted 00:01:52 (1060 turns).

strifetoe the Magician (Djinni Earth Elementalist)  Turns: 1060, Time: 00:01:52

Health: 0/25       AC:  2    Str:  7    XL:     3   Next: 90%
Gold:   110        EV: 12    Int: 18    God:
                   SH:  5    Dex: 13

rFire   + + .        b - +2 dagger (venom)
rCold   x . .        (no shield)
rNeg    . . .        a - +0 robe
rPois   ∞            (no helmet)
rElec   .            (no cloak)
rCorr   .            (no gloves)
SInv    .            (boots unavailable)
Will    .....        e - amulet of reflection
Stlth   ++           (no ring)
HPRegen 0.24/turn    (no ring)
MPRegen 0.00/turn

%: reflection, infuse magic (-1 HP)
@: flying
A: sickness immunity, fire resistance 2, cold vulnerability 1, float, innate
caster, HP casting, extra vitality 1
a: no special abilities


You were on level 2 of the Dungeon.
You visited 1 branch of the dungeon, and saw 2 of its levels.

You collected 110 gold pieces.

Inventory:

Hand Weapons
 b - a +2 dagger of venom (weapon)
Armour
 a - a +0 robe (worn)
Jewellery
 e - an amulet of reflection (around neck)
Scrolls
 c - a scroll of identify {unknown}
 d - a scroll of teleportation {unknown}
 f - a scroll of vulnerability {unknown}
Potions
 g - a potion of haste {unknown}
 h - a potion of enlightenment {unknown}


   Skills:
 - Level 2.1 Dodging
 - Level 1.5 Stealth
 + Level 3.9 Spellcasting
 + Level 3.9 Conjurations
 + Level 3.9 Hexes
 + Level 3.9 Summonings
 + Level 3.9 Necromancy
 + Level 3.9 Translocations
 + Level 3.9 Transmutations
 + Level 3.9 Fire Magic
 + Level 3.9 Ice Magic
 + Level 3.9 Air Magic
 + Level 3.9 Earth Magic
 + Level 3.9 Poison Magic


You knew the following spells:

 Your Spells              Type           Power      Damage    Failure   Level
a - Sandblast             Erth           34%        2d9       3%          1
b - Passwall              Tmut/Erth      14%        N/A       4%          2
c - Stone Arrow           Conj/Erth      34%        3d9       9%          3
d - Petrify               Tmut/Erth      17%        N/A       30%         4
e - Brom's Barrelling Bo  Conj/Erth      17%        2d4       30%         4
f - Freeze                Ice            68%        1d8       3%          1
Your spell library was empty.

Dungeon Overview and Level Annotations

Branches:
Dungeon (2/15)

Altars:
Gozag


Innate Abilities, Weirdness & Mutations

You are immune to sickness and miasma.
You are immune to poison.
Your flesh is very heat resistant. (rF++)
You are vulnerable to cold. (rC-)
You float through the air rather than walking.
You learn spells naturally, not from books.
Your magical power is your life essence.
You have superior vitality. (+4 MHP)


Message History

The endoplasm quivers.
You hit the adder.
The adder is moderately wounded.
The quokka closely misses you. The adder barely misses you.
The quokka barely misses you.
You barely miss the adder.
The adder is moderately wounded.
The adder bites you. The adder bites you but does no damage.
The quokka barely misses you.
You hit the adder.
The adder is heavily wounded.
You block the adder's attack. The quokka barely misses you.
The kobold barely misses you.
You hit the adder.
The adder is severely wounded.
The adder closely misses you. The quokka bites you.
The kobold hits you with a +0 mace.
You closely miss the adder.
The adder is severely wounded.
You block the adder's attack. The quokka barely misses you.
The adder bites you. The kobold hits you with a +0 mace.
You are too injured to fight recklessly!
You are too injured to fight recklessly!
You are too injured to fight recklessly!
You are too injured to fight recklessly!
You are too injured to fight recklessly!
You are too injured to fight recklessly!
You are too injured to fight recklessly!
You are too injured to fight recklessly!
You are too injured to fight recklessly!
You are too injured to fight recklessly!
You are too injured to fight recklessly!
Unknown command.
The adder attacks as it pursues you! The adder bites you.
* * * LOW HITPOINT WARNING * * *
The kobold attacks as it pursues you! The kobold closely misses you.
The kobold hits you with a +0 mace.
* * * LOW HITPOINT WARNING * * *
The quokka bites you.
You die...

#..........#..........
##..####.###.........#
##.# #..##÷........#
#.# ##..#..........
#.# ##.#.>......## #.#
#..........## ##.##
###.#####....
#...#######.###.....#
#...@rS...#..#..#..##
#...gKl...##...#.....
#.....J...##..†<†.###
#...)........#..#.###
#.................##.
####.........##......
#.....)...........
#......##........#
#............#....


You could see an adder, an endoplasm, a quokka, a goblin, a kobold and a frilled
lizard.

Vanquished Creatures
  A gnoll (D:1)
  A worm (D:2)
  An endoplasm (D:1)
  A giant cockroach (D:1)
  3 goblins
  4 hobgoblins
  3 quokkas
  2 ball pythons (D:2)
  4 bats
  2 frilled lizards
  7 kobolds
  5 rats
34 creatures vanquished.

Notes
Turn   | Place    | Note
-------+----------+-------------------------------------------
     0 | D:1      | strifetoe the Djinni Earth Elementalist began the quest for
                  | the Orb.
     0 | D:1      | strifetoe set off with the following spells memorised:
                  | Sandblast, Passwall, Stone Arrow, Petrify, Brom's
                  | Barrelling Boulder.
     0 | D:1      | Reached XP level 1. HP: 15/15 MP: 0/0
   177 | D:1      | Reached XP level 2. HP: 17/21 MP: 0/0
   448 | D:1      | Reached XP level 3. HP: 25/25 MP: 0/0
   448 | D:1      | Learned a level 1 spell: Freeze
   782 | D:2      | Found an opulent altar of Gozag.
  1060 | D:2      | Slain by a quokka

Illustrated notes

Levels and vault maps discovered:
D:1:      minmay_arrival_split_and_join, layout_basic
D:2:      layout_rooms, basic_altar

Skill      XL: | |
---------------+-+-----
Spellcasting   | |  3.9
Conjurations   | |  3.9
Hexes          | |  3.9
Summonings     | |  3.9
Necromancy     | |  3.9
Translocations | |  3.9
Transmutations | |  3.9
Fire Magic     | |  3.9
Ice Magic      | |  3.9
Air Magic      | |  3.9
Earth Magic    | |  3.9
Poison Magic   | |  3.9
Dodging        | |  2.1
Stealth        | |  1.5

Action                     || total
---------------------------++-------
  Melee: Dagger            ||    40
   Cast: Sandblast         ||    23
   Stab: Sleeping          ||     3
 Armour: Robe              ||    25
  Dodge: Dodged            ||    30
  Block: Other             ||     9

Table legend: (Time is in decaauts)
 A = Elapsed time spent in this place.
 B = Non-inter-level travel time spent in this place.
 C = Inter-level travel time spent in this place.
 D = Time resting spent in this place.
 E = Time spent auto-exploring this place.
 F = Levels seen in this place.
 G = Mean time per level.
                   A        B        C        D        E       F      G
               +--------+--------+--------+--------+--------+-----+--------+
         Total |   1070 |   1022 |     48 |    108 |    715 |   2 |  535.0 |
       Dungeon |   1070 |   1022 |     48 |    108 |    715 |   2 |  535.0 |
               +--------+--------+--------+--------+--------+-----+--------+

Top non-repeatable levels by time:
     D:1: 790 daAuts
     D:2: 280 daAuts
